 Dungeon Crawl Stone Soup version 0.22.1-1-ga44c0e56f4 (webtiles) character file.

88 Blejac999 the Ruffian (level 4, -3/40 HPs)
             Began as a Ghoul Monk on Sept 20, 2018.
             Slain by Menkaure (22 damage)
             ... on level 4 of the Dungeon.
             The game lasted 00:04:21 (3670 turns).

Blejac999 the Ruffian (Ghoul Monk)                  Turns: 3670, Time: 00:04:21

Health: -3/40      AC:  2    Str: 13 (15) XL:     4   Next: 54%
Magic:  3/3        EV: 12    Int:  9      God:
Gold:   126        SH:  0    Dex:  8 (11) Spells: 3/3 levels left

rFire    + . .     SeeInvis .     - Unarmed
rCold    + . .     Gourm    .   (no shield)
rNeg     + + +     Faith    .   a - +0 robe
rPois    ∞         Spirit   .   (no helmet)
rElec    .         Reflect  .   (no cloak)
rCorr    .         Harm     .   (no gloves)
MR       .....                  (no boots)
Stlth    ++........             (no amulet)
HPRegen  0.00/turn              c - ring of protection from fire
MPRegen  0.08/turn              e - +4 ring of intelligence

@: rotting
A: rotting body, claws 1, carnivore, cold resistance 1, negative energy
resistance 3, inhibited regeneration, torment resistance, unbreathing
a: no special abilities


You were on level 4 of the Dungeon.
You were hungry.

You visited 1 branch of the dungeon, and saw 4 of its levels.

You collected 126 gold pieces.

Inventory:

Armour
 a - a +0 robe (worn)
Jewellery
 c - a ring of protection from fire (left claw)
 e - a +4 ring of intelligence (right claw)
Scrolls
 d - 3 scrolls of remove curse
 g - 2 scrolls of fog
 h - 5 scrolls of teleportation
Potions
 f - a potion of brilliance
 k - a potion of curing
 l - a potion of heal wounds
Comestibles
 b - 5 rations
 j - 5 chunks of flesh


   Skills:
 + Level 3.8 Fighting
 + Level 3.3 Dodging
 + Level 2.5 Stealth
 + Level 4.5 Unarmed Combat


You had 3 spell levels left.
You didn't know any spells.
Your spell library contained the following spells:

 Spells                   Type           Power        Failure   Level  Hunger
 Animate Skeleton         Necr           N/A          38%         1    ##.....
 Apportation              Tloc           #.....       38%         1    ##.....
 Confusing Touch          Hex            #.....       38%         1    ##.....
 Summon Small Mammal      Summ           #...         38%         1    ##.....


Dungeon Overview and Level Annotations

Branches:
Dungeon (4/15)
 Temple: D:4-7

Altars:
Gozag
Okawaru

Annotations:
D:4 Menkaure


Innate Abilities, Weirdness & Mutations

Your body is rotting away.
You thrive on raw meat.
You are immune to poison.
You have sharp fingernails.
You are carnivorous and can eat meat at any time.
Your flesh is cold resistant. (rC+)
You are immune to negative energy. (rN+++)
You do not regenerate when monsters are visible.
You are immune to unholy pain and torment.
You can survive without breathing.


Message History

Menkaure is nearby!
Okay, then.
You aren't carrying any items that you can evoke.
Press: ? - help, v - describe, . - travel The floor.
Unknown command.
Menkaure gestures wildly while chanting.
Menkaure seems to speed up.
Menkaure hits you!
You scratch Menkaure.
Menkaure is lightly damaged.
Menkaure hits you!
You scratch Menkaure.
Menkaure is lightly damaged.
Menkaure misses you.
You scratch Menkaure but do no damage.
Menkaure is lightly damaged.
Menkaure hits you!!
Ouch! That really hurt!
You die...

##.....##....# #
#.........# # #...#..#
#.. ####......## #..
.....##....## #.#
?...###..#..####### #.#
....###..##.......###M###
.................M.##...#
................@#.##...#
.................#..#...#
..........###.#####...M.#
............#.#######(..#
###########......####...#
##########.........##...#
...........##.###########
###############


You could see Menkaure.

Vanquished Creatures
  A gnoll (D:2)
  An adder (D:4)
  An ooze (D:3)
  3 worms
  A leopard gecko (D:2)
  5 orcs
  2 giant cockroaches
  7 goblins
  8 hobgoblins
  3 jackals (D:2)
  5 kobolds
  A ball python (D:3)
  2 bats
  5 frilled lizards
  6 rats
51 creatures vanquished.

Notes
Turn   | Place    | Note
-------+----------+-------------------------------------------
     0 | D:1      | Blejac999 the Ghoul Monk began the quest for the Orb.
     0 | D:1      | Reached XP level 1. HP: 19/19 MP: 0/0
   115 | D:1      | Reached XP level 2. HP: 17/26 MP: 1/1
  1703 | D:2      | Reached skill level 4 in Unarmed Combat
  1703 | D:2      | Reached XP level 3. HP: 15/31 MP: 2/2
  1976 | D:2      | Found an iron altar of Okawaru.
  2741 | D:3      | Reached XP level 4. HP: 27/40 MP: 3/3
  3176 | D:3      | Found an opulent altar of Gozag.
  3651 | D:4      | Noticed Menkaure
  3670 | D:4      | Slain by Menkaure

Skill      XL: |  1  2  3 |
---------------+----------+-----
Unarmed Combat | 4 |  4.5
Dodging        | 3 |  3.3
Fighting       | |  3.8
Stealth        | |  2.5

Action                   |  1- 3 |  4- 6 || total
-------------------------+-------+-------++-------
Melee: Unarmed           |   160 |    37 ||   197
       Punch             |       |     1 ||     1
  Use: Potion            |     5 |     2 ||     7
       Scroll            |     6 |     1 ||     7
 Stab: Sleeping          |     3 |     1 ||     4
  Eat: Chunk             |     7 |     1 ||     8
Armor: Robe              |    22 |       ||    22
Dodge: Dodged            |   119 |    16 ||   135
